[Event "EIRCC 2019"]
[Site "Tallinn"]
[Date "2019.12.06"]
[Round "8.26"]
[White "Chukavin, Kirill"]
[Black "Mohr, Georg"]
[Result "1-0"]
[ECO "C03"]
[WhiteElo "2290"]
[BlackElo "2424"]
[Annotator "NA RC"]
[PlyCount "165"]
[EventDate "2019.12.05"]
[EventType "swiss"]
[EventCountry "EST"]
[SourceTitle "playchess.com"]
[Source "ChessBase"]
[SourceQuality "1"]
[TimeControl "900+10"]

1. e4 e6 2. d4 d5 3. Nd2 Ne7 4. Ngf3 g6 5. Bd3 Bg7 6. c3 Nd7 7. O-O O-O 8. Re1 c5 9. e5 Nc6 10. Nf1 cxd4 11. cxd4 f6 12. exf6 Qxf6 13. Bg5 Qf7 14. Be3 e5 15. Ng5 Qe7 16. Qb3 Kh8 17. Qxd5 Nb4 18. Qb3 Nxd3 19. Qxd3 exd4 20. Qxd4 Ne5 21. Qh4 h6 22. Bd4 Qxg5 23. Qxg5 Nf3+ 24. gxf3 hxg5 25. Bxg7+ Kxg7 26. Re7+ Kh6 27. Rc1 g4 28. fxg4 Bxg4 29. Rxb7 Bf3 30. Rd7 Rac8 31. Rxc8 Rxc8 32. Rd3 Be4 33. Rc3 Rd8 34. f3 Bb7 35. Kf2 Rd1 36. a3 Ba6 37. Ne3 Rd2+ 38. Kg3 Rxb2 39. Ng4+ Kg7 40. Rc7+ Kf8 41. Rxa7 Bc4 42. Ne5 Bd5 43. Nxg6+ Ke8 44. Re7+ Kd8 45. Re3 Bc6 46. h4 Rb1 47. h5 Be8 48. Kg4 Rg1+ 49. Kf5 Rh1 50. Kg5 Rg1+ 51. Kf6 Rh1 52. Kg5 Rg1+ 53. Kh6 Rg3 54. Kg7 Bd7 55. Rd3 Kc7 56. Kf6 Rh3 57. Nf4 Rh1 58. Rc3+ Kd6 59. Rd3+ Kc7 60. Nd5+ Kc6 61. Nb4+ Kc7 62. Na6+ Kc8 63. Rc3+ Kd8 64. Nc5 Be8 65. Ne6+ Kd7 66. Ng7 Bxh5 67. Nxh5 Rxh5 68. f4 Rh1 69. f5 Ke8 70. Re3+ Kf8 71. Rb3 Kg8 72. a4 Ra1 73. Rb4 Rc1 74. a5 Rc6+ 75. Kg5 Ra6 76. Rb5 Kf7 77. f6 Ra7 78. Kf5 Kg8 79. Kg6 Rg7+ 80. Kf5 Ra7 81. Re5 Rb7 82. Re8+ Kf7 83. Re7+ 1-0

[Event "EIRCC 2019"]
[Site "Tallinn"]
[Date "2019.12.06"]
[Round "8.27"]
[White "Haitin, Ilja"]
[Black "Gretarsson, Helgi Ass"]
[Result "1/2-1/2"]
[ECO "B06"]
[WhiteElo "2232"]
[BlackElo "2421"]
[Annotator "NA"]
[PlyCount "91"]
[EventDate "2019.12.05"]
[EventType "swiss"]
[EventCountry "EST"]
[SourceTitle "playchess.com"]
[Source "ChessBase"]
[SourceQuality "1"]
[TimeControl "900+10"]

1. d4 g6 2. e4 Bg7 3. Nf3 d6 4. Nc3 a6 5. a4 b6 6. Bd3 Bb7 7. O-O Nd7 8. Qe2 e6 9. Bf4 Ne7 10. Rfe1 h6 11. h3 e5 12. dxe5 dxe5 13. Be3 Nc6 14. Nd5 Nd4 15. Nxd4 exd4 16. Bf4 Ne5 17. a5 b5 18. Qd2 g5 19. Bg3 O-O 20. f4 Bxd5 21. exd5 Nxd3 22. cxd3 Qxd5 23. fxg5 hxg5 24. Bxc7 Rfe8 25. Bg3 Kh7 26. Rxe8 Rxe8 27. Re1 Re3 28. Bf2 Rxe1+ 29. Bxe1 Be5 30. Qe2 Kg6 31. h4 Bf4 32. Qe8 Be3+ 33. Kh2 Qf5 34. hxg5 Bf4+ 35. Bg3 Bxg3+ 36. Kxg3 Qxd3+ 37. Kh4 Kg7 38. Qe5+ Kh7 39. Qf4 Qc4 40. Qe4+ Kg7 41. Qe5+ Kf8 42. Qb8+ Kg7 43. Qe5+ Kg8 44. Qe8+ Kh7 45. Qe4+ Kg7 46. Qe5+ 1/2-1/2

[Event "EIRCC 2019"]
[Site "Tallinn"]
[Date "2019.12.06"]
[Round "8.29"]
[White "Mickevicius, Juras"]
[Black "Studer, Noel"]
[Result "1/2-1/2"]
[ECO "D26"]
[WhiteElo "2288"]
[BlackElo "2405"]
[Annotator "NA"]
[PlyCount "102"]
[EventDate "2019.12.05"]
[EventType "swiss"]
[EventCountry "EST"]
[SourceTitle "playchess.com"]
[Source "ChessBase"]
[SourceQuality "1"]
[TimeControl "900+10"]

1. d4 d5 2. c4 dxc4 3. Nf3 Nf6 4. e3 e6 5. Bxc4 a6 6. O-O c5 7. Bb3 cxd4 8. exd4 Nc6 9. Nc3 Be7 10. Bg5 O-O 11. Re1 Na5 12. Bc2 b5 13. Qd3 g6 14. Ne5 Bb7 15. Rad1 Rc8 16. Bh6 Re8 17. Qe2 Bf8 18. Bg5 Nc4 19. Nxc4 Rxc4 20. Be4 Bxe4 21. Nxe4 Be7 22. Bxf6 Bxf6 23. d5 Rd4 24. Nxf6+ Qxf6 25. Rxd4 Qxd4 26. Rd1 Qb4 27. d6 Rd8 28. a3 Qb3 29. h4 h5 30. g3 Rd7 31. Qd2 e5 32. Rc1 Qe6 33. Rc6 Kg7 34. Rxa6 Qc4 35. Rb6 Kf6 36. Qc3 Qxc3 37. bxc3 Ke6 38. Rxb5 Rxd6 39. a4 Rd1+ 40. Kg2 Rc1 41. Rb6+ Ke7 42. Rc6 Ra1 43. Rc4 Kd6 44. Kf3 Ra3 45. Ke4 f5+ 46. Kd3 Ra2 47. Ke3 Ra3 48. Kd3 Ra2 49. Ke3 Ra3 50. Kd3 Ra2 51. Ke3 Kd5 {Ke4+} 1/2-1/2

[Event "EIRCC 2019"]
[Site "Tallinn"]
[Date "2019.12.06"]
[Round "8.30"]
[White "Chibukhchyan, Erik"]
[Black "Papasimakopoulos, Alexandros"]
[Result "1-0"]
[ECO "E11"]
[WhiteElo "2211"]
[BlackElo "2399"]
[Annotator "NA"]
[PlyCount "77"]
[EventDate "2019.12.05"]
[EventType "swiss"]
[EventCountry "EST"]
[SourceTitle "playchess.com"]
[Source "ChessBase"]
[SourceQuality "1"]
[TimeControl "900+10"]

1. d4 Nf6 2. c4 e6 3. Nf3 Bb4+ 4. Nbd2 b6 5. a3 Bxd2+ 6. Bxd2 Bb7 7. g3 O-O 8. Bg2 d6 9. O-O Nbd7 10. b4 Qe7 11. Bc3 Be4 12. Re1 d5 13. Qb3 a6 14. a4 c5 15. dxc5 bxc5 16. b5 a5 17. cxd5 exd5 18. Qa3 Rfe8 19. Rac1 d4 20. Ba1 Nd5 21. Nd2 Bxg2 22. Kxg2 Nb4 23. Nc4 Nc2 24. Rxc2 Qe4+ 25. Qf3 Qxc2 26. Nd6 Ne5 27. Qf4 Re7 28. b6 Qxa4 29. b7 Qc6+ 30. f3 Rb8 31. Nf5 Re6 32. Bxd4 cxd4 33. Nxd4 Qd5 34. Nxe6 fxe6 35. Rc1 Qxb7 36. Qxe5 Qb4 37. Qxe6+ Kf8 38. Rc7 Rb7 39. Qf7# 1-0

[Event "EIRCC 2019"]
[Site "Tallinn"]
[Date "2019.12.06"]
[Round "8.31"]
[White "Sipila, Vilka"]
[Black "Psyk, Radoslaw"]
[Result "1-0"]
[ECO "A21"]
[WhiteElo "2380"]
[BlackElo "2178"]
[Annotator "NA"]
[PlyCount "77"]
[EventDate "2019.12.05"]
[EventType "swiss"]
[EventCountry "EST"]
[SourceTitle "playchess.com"]
[Source "ChessBase"]
[SourceQuality "1"]
[TimeControl "900+10"]

1. c4 e5 2. Nc3 Bb4 3. Nf3 Bxc3 4. dxc3 Nc6 5. g3 d6 6. Bg2 f5 7. O-O Nf6 8. Qb3 O-O 9. Rd1 h6 10. c5+ d5 11. c4 d4 12. e3 Ne4 13. Qa3 Be6 14. exd4 exd4 15. Be3 dxe3 16. Rxd8 exf2+ 17. Kh1 Raxd8 18. b3 Rd3 19. Qb2 Rfd8 20. Rf1 Rd1 21. Qe2 Rxf1+ 22. Bxf1 Bf7 23. Qe3 Bh5 24. Nh4 Rd1 25. Kg2 Bg4 26. Nxf5 Bxf5 27. g4 Bg6 28. h4 Nd2 29. Qe6+ Bf7 30. Qc8+ Kh7 31. Bd3+ g6 32. Kxf2 Nxb3 33. Qxc7 Kg7 34. Be2 Rd2 35. axb3 Nd4 36. Ke3 Rxe2+ 37. Kxd4 Rd2+ 38. Kc3 Rg2 39. Qxb7 1-0

[Event "EIRCC 2019"]
[Site "Tallinn"]
[Date "2019.12.06"]
[Round "8.32"]
[White "Crevatin, Leo"]
[Black "Frischmann, Rick"]
[Result "1-0"]
[ECO "D07"]
[WhiteElo "2108"]
[BlackElo "2375"]
[Annotator "NA"]
[PlyCount "32"]
[EventDate "2019.12.05"]
[EventType "swiss"]
[EventCountry "EST"]
[SourceTitle "playchess.com"]
[Source "ChessBase"]
[SourceQuality "1"]
[TimeControl "900+10"]

1. d4 d5 2. c4 Nc6 3. Nc3 Nf6 4. Nf3 dxc4 5. Bg5 h6 6. Bh4 a6 7. d5 Na5 8. e4 c6 9. dxc6 Qxd1+ 10. Rxd1 b5 11. Bxf6 exf6 12. Nd5 Ra7 13. c7 Be7 14. Be2 Be6 15. O-O Bxd5 16. exd5 Bd6 1-0

[Event "EIRCC 2019"]
[Site "Tallinn"]
[Date "2019.12.06"]
[Round "8.33"]
[White "Potapov, Alexander"]
[Black "Vetokhin, Savva"]
[Result "1-0"]
[ECO "E71"]
[WhiteElo "2359"]
[BlackElo "1993"]
[Annotator "NA"]
[PlyCount "121"]
[EventDate "2019.12.05"]
[EventType "swiss"]
[EventCountry "EST"]
[SourceTitle "playchess.com"]
[Source "ChessBase"]
[SourceQuality "1"]
[TimeControl "900+10"]

1. d4 Nf6 2. c4 g6 3. Nc3 Bg7 4. e4 d6 5. h3 O-O 6. Bg5 c5 7. d5 e6 8. Bd3 exd5 9. exd5 Re8+ 10. Nge2 Nbd7 11. f4 Qe7 12. O-O Qf8 13. Qc2 b6 14. a4 Ba6 15. Ng3 h6 16. Bh4 Nh7 17. Nge4 Nhf6 18. Nxf6+ Nxf6 19. Nb5 Qe7 20. Rae1 Qd7 21. Kh2 Rxe1 22. Rxe1 Re8 23. Rxe8+ Nxe8 24. g4 Nf6 25. Qe2 Bxb5 26. axb5 Qe8 27. Qxe8+ Nxe8 28. b3 Bf6 29. Be1 Bd4 30. Kg2 Nc7 31. Kf3 a6 32. bxa6 Nxa6 33. Bg3 Bf6 34. f5 gxf5 35. Bxd6 fxg4+ 36. Kxg4 Bd8 37. Bf5 Kg7 38. Be5+ Bf6 39. Bf4 Nb4 40. Kh5 Na6 41. Bxh6+ Kg8 42. Bf4 Bd8 43. Kg4 Nc7 44. Bd7 Kf8 45. Bd6+ Kg7 46. h4 Na6 47. h5 Bc7 48. Be7 Nb8 49. Bf5 Be5 50. Kg5 f6+ 51. Kg4 Kf7 52. Bd8 Bd6 53. Bxb6 Kg7 54. Bd8 Na6 55. Be4 Nc7 56. Bg6 Kh6 57. Kf5 Kg7 58. Bxc7 Bxc7 59. Ke6 Be5 60. d6 Kf8 61. h6 1-0

[Event "EIRCC 2019"]
[Site "Tallinn"]
[Date "2019.12.06"]
[Round "8.34"]
[White "Silich, Yahor"]
[Black "Putka, Verners"]
[Result "1/2-1/2"]
[ECO "C42"]
[WhiteElo "1975"]
[BlackElo "2358"]
[Annotator "NA"]
[PlyCount "88"]
[EventDate "2019.12.05"]
[EventType "swiss"]
[EventCountry "EST"]
[SourceTitle "playchess.com"]
[Source "ChessBase"]
[SourceQuality "1"]
[TimeControl "900+10"]

1. e4 e5 2. Nf3 Nf6 3. Nxe5 d6 4. Nf3 Nxe4 5. d3 Nf6 6. d4 Be7 7. Bd3 Bg4 8. h3 Bh5 9. O-O O-O 10. b3 c5 11. d5 Nbd7 12. Be2 Re8 13. Bb2 Ne4 14. Nbd2 Bf6 15. Bxf6 Qxf6 16. Nxe4 Rxe4 17. Qd2 Rxe2 18. Qxe2 Ne5 19. Qe3 Nxf3+ 20. gxf3 Bxf3 21. Kh2 Bxd5 22. Rae1 Bc6 23. c4 h6 24. Qg3 Rd8 25. Rd1 d5 26. cxd5 Rxd5 27. Rxd5 Bxd5 28. Rd1 Bc6 29. Qe3 Qf5 30. Rd8+ Kh7 31. Rd2 g6 32. f3 Bd7 33. f4 Bc6 34. Re2 Qb1 35. Qg1 Qd3 36. Qe3 Qd1 37. Re1 Qd5 38. Qf2 a6 39. Re5 Qh1+ 40. Kg3 Bd7 41. Qg2 Qd1 42. Qd5 Qg1+ 43. Qg2 Qd1 44. Qd5 Qg1+ 1/2-1/2

[Event "EIRCC 2019"]
[Site "Tallinn"]
[Date "2019.12.06"]
[Round "8.35"]
[White "Sanal, Vahap"]
[Black "Chernyak, Viktoria"]
[Result "1-0"]
[ECO "B23"]
[WhiteElo "2597"]
[BlackElo "2233"]
[Annotator "ChessBase"]
[PlyCount "73"]
[EventDate "2019.12.05"]
[EventType "swiss"]
[EventCountry "EST"]
[SourceTitle "playchess.com"]
[Source "ChessBase"]
[SourceQuality "1"]
[TimeControl "900+10"]

1. e4 c5 2. Nc3 g6 3. h4 h5 4. d4 cxd4 5. Qxd4 Nf6 6. Bg5 Nc6 7. Qd2 Bg7 8. f3 d6 9. Bc4 a6 10. Bb3 Bd7 11. Nge2 Rc8 12. O-O-O b5 13. Kb1 Ne5 14. f4 Nc4 15. Bxc4 bxc4 16. e5 dxe5 17. fxe5 Ng4 18. Nd5 f6 19. exf6 exf6 20. Nef4 O-O 21. Nxg6 Rf7 22. Bf4 Kh7 23. Nde7 Rxe7 24. Nxe7 Qxe7 25. Qxd7 Qxd7 26. Rxd7 Kg6 27. Rc7 Re8 28. Rxc4 Re2 29. g3 Nf2 30. Rc1 Ne4 31. a4 Kf5 32. a5 Bf8 33. Rc6 Nc5 34. Bd6 Bxd6 35. Rxd6 Kg4 36. Rxf6 Kxg3 37. Rf5 1-0

[Event "EIRCC 2019"]
[Site "Tallinn"]
[Date "2019.12.06"]
[Round "8.36"]
[White "Sysolyatin, Evgeny"]
[Black "Khalifman, Alexander"]
[Result "1-0"]
[ECO "B70"]
[WhiteElo "2231"]
[BlackElo "2577"]
[Annotator "ChessBase"]
[PlyCount "67"]
[EventDate "2019.12.05"]
[EventType "swiss"]
[EventCountry "EST"]
[SourceTitle "playchess.com"]
[Source "ChessBase"]
[SourceQuality "1"]
[TimeControl "900+10"]

1. e4 c5 2. Nf3 d6 3. d4 cxd4 4. Nxd4 Nf6 5. Nc3 g6 6. g3 Nc6 7. Bg2 Nxd4 8. Qxd4 Bg7 9. O-O O-O 10. Re1 Be6 11. Qb4 Nd7 12. Bg5 a5 13. Qb5 h6 14. Be3 Qc7 15. Nd5 Bxd5 16. exd5 a4 17. Rac1 Ne5 18. b3 axb3 19. axb3 Ra2 20. h3 h5 21. Bb6 Qc3 22. Be3 Rxc2 23. Qxb7 Nd3 24. Rxc2 Qxc2 25. Rf1 Bf6 26. b4 h4 27. g4 Qc4 28. b5 Nf4 29. Qc6 Ne2+ 30. Kh1 Qb4 31. b6 Nd4 32. Qc7 Qb3 33. b7 g5 34. Be4 1-0

[Event "EIRCC 2019"]
[Site "Tallinn"]
[Date "2019.12.06"]
[Round "9.6"]
[White "Potapov, Pavel"]
[Black "Lysyj, Igor"]
[Result "1/2-1/2"]
[ECO "C67"]
[WhiteElo "2482"]
[BlackElo "2599"]
[Annotator "ChessBase"]
[PlyCount "30"]
[EventDate "2019.12.05"]
[EventType "swiss"]
[EventCountry "EST"]
[SourceTitle "playchess.com"]
[Source "ChessBase"]
[SourceQuality "1"]
[TimeControl "900+10"]

1. e4 e5 2. Nf3 Nc6 3. Bb5 Nf6 4. O-O Nxe4 5. d4 Nd6 6. dxe5 Nxb5 7. a4 Nbd4 8. Nxd4 d6 9. exd6 Bxd6 10. Nxc6 bxc6 11. Re1+ Be6 12. Qf3 O-O 13. Nc3 Qh4 14. h3 Rfe8 15. Bd2 Qd4 1/2-1/2

[Event "EIRCC 2019"]
[Site "Tallinn"]
[Date "2019.12.06"]
[Round "9.7"]
[White "Lazavik, Denis"]
[Black "Esipenko, Andrey"]
[Result "1/2-1/2"]
[ECO "D58"]
[WhiteElo "2201"]
[BlackElo "2590"]
[Annotator "ChessBase"]
[PlyCount "62"]
[EventDate "2019.12.05"]
[EventType "swiss"]
[EventCountry "EST"]
[SourceTitle "playchess.com"]
[Source "ChessBase"]
[SourceQuality "1"]
[TimeControl "900+10"]

1. d4 Nf6 2. c4 e6 3. Nf3 d5 4. Nc3 Be7 5. Bg5 O-O 6. e3 h6 7. Bh4 b6 8. Bd3 Bb7 9. O-O Nbd7 10. Qe2 c5 11. Rfd1 Ne4 12. Bxe7 Qxe7 13. cxd5 exd5 14. a4 Ndf6 15. a5 cxd4 16. Nxd4 Nxc3 17. bxc3 bxa5 18. Rxa5 Qc7 19. Qa2 Ng4 20. g3 a6 21. Bxa6 Nf6 22. Ra1 Rxa6 23. Rxa6 Bxa6 24. Qxa6 Qxc3 25. Qa3 Qc8 26. Kg2 Qg4 27. Qd3 Rc8 28. Qf5 Qxf5 29. Nxf5 Rc2 30. Nd4 Rb2 31. Rc1 g6 1/2-1/2

[Event "EIRCC 2019"]
[Site "Tallinn"]
[Date "2019.12.06"]
[Round "9.8"]
[White "Saric, Ante"]
[Black "Kozak, Adam"]
[Result "1/2-1/2"]
[ECO "A05"]
[WhiteElo "2538"]
[BlackElo "2240"]
[Annotator "ChessBase"]
[PlyCount "29"]
[EventDate "2019.12.05"]
[EventType "swiss"]
[EventCountry "EST"]
[SourceTitle "playchess.com"]
[Source "ChessBase"]
[SourceQuality "1"]
[TimeControl "900+10"]

1. Nf3 Nf6 2. c4 e6 3. g3 b6 4. Bg2 Bb7 5. O-O Be7 6. b3 O-O 7. Bb2 c5 8. Nc3 d5 9. Ne5 Nc6 10. Nxc6 Bxc6 11. d4 Rc8 12. dxc5 dxc4 13. Bxc6 Rxc6 14. cxb6 axb6 15. bxc4 1/2-1/2

[Event "EIRCC 2019"]
[Site "Tallinn"]
[Date "2019.12.06"]
[Round "9.9"]
[White "Nguyen, Thai Dai Van"]
[Black "Hjartarson, Johann"]
[Result "1-0"]
[ECO "E32"]
[WhiteElo "2364"]
[BlackElo "2534"]
[Annotator "ChessBase"]
[PlyCount "57"]
[EventDate "2019.12.05"]
[EventType "swiss"]
[EventCountry "EST"]
[SourceTitle "playchess.com"]
[Source "ChessBase"]
[SourceQuality "1"]
[TimeControl "900+10"]

1. d4 Nf6 2. c4 e6 3. Nc3 Bb4 4. Qc2 O-O 5. e4 c5 6. e5 Ne8 7. a3 Bxc3+ 8. bxc3 Nc6 9. Nf3 d6 10. exd6 Nxd6 11. Bd3 f5 12. O-O b6 13. Re1 Na5 14. Bg5 Qe8 15. d5 Naxc4 16. Qe2 exd5 17. Bxc4 dxc4 18. Be7 Ne4 19. Bxf8 Qxf8 20. Nd2 Bb7 21. Nxe4 fxe4 22. Qxc4+ Kh8 23. Rad1 Qf6 24. Qe2 Qxc3 25. Rd7 Bc6 26. Rd6 Bb5 27. Red1 Bd3 28. Qxe4 c4 29. Qxa8# 1-0

[Event "EIRCC 2019"]
[Site "Tallinn"]
[Date "2019.12.06"]
[Round "9.11"]
[White "Riazantsev, Alexander"]
[Black "Potapov, Alexander"]
[Result "1/2-1/2"]
[ECO "A81"]
[WhiteElo "2594"]
[BlackElo "2359"]
[Annotator "ChessBase"]
[PlyCount "67"]
[EventDate "2019.12.05"]
[EventType "swiss"]
[EventCountry "EST"]
[SourceTitle "playchess.com"]
[Source "ChessBase"]
[SourceQuality "1"]
[TimeControl "900+10"]

1. d4 f5 2. g3 Nf6 3. Bg2 g6 4. Nd2 Bg7 5. e4 fxe4 6. Nxe4 Nxe4 7. Bxe4 d5 8. Bg2 c5 9. dxc5 d4 10. Nf3 Qa5+ 11. Bd2 Qxc5 12. O-O Nc6 13. c3 O-O 14. Qb3+ Kh8 15. cxd4 Nxd4 16. Nxd4 Bxd4 17. Rac1 Qb6 18. Bc3 e5 19. Bxd4 exd4 20. Rfd1 Qxb3 21. axb3 Rd8 22. Rd2 Be6 23. b4 Rd7 24. f4 Rad8 25. Kf2 Kg7 26. Rc5 Kf6 27. Be4 b6 28. Re5 Rc7 29. Bd3 Rc1 30. Rde2 Bg4 31. Re1 Rdc8 32. Re7 Rxe1 33. Rxe1 Bf5 34. Rd1 {[%emt 0:00:36] Ke5} 1/2-1/2

[Event "EIRCC 2019"]
[Site "Tallinn"]
[Date "2019.12.06"]
[Round "9.13"]
[White "Shubin, Kirill"]
[Black "Belyakov, Bogdan"]
[Result "1/2-1/2"]
[ECO "C67"]
[WhiteElo "2321"]
[BlackElo "2520"]
[Annotator "ChessBase"]
[PlyCount "53"]
[EventDate "2019.12.05"]
[EventType "swiss"]
[EventCountry "EST"]
[SourceTitle "playchess.com"]
[Source "ChessBase"]
[SourceQuality "1"]
[TimeControl "900+10"]

1. e4 e5 2. Nf3 Nc6 3. Bb5 Nf6 4. O-O Nxe4 5. d4 Nd6 6. Bxc6 dxc6 7. dxe5 Nf5 8. Qxd8+ Kxd8 9. Nc3 Ke8 10. h3 h5 11. Bg5 Be6 12. a3 Be7 13. Rfd1 h4 14. Ne4 Bd5 15. Re1 Rd8 16. Rac1 b6 17. b4 Rd7 18. Nfd2 Rh5 19. Bf4 Be6 20. Nf3 Nd4 21. Nd6+ cxd6 22. Nxd4 dxe5 23. Nxe6 fxe6 24. Bxe5 Kf7 25. Re2 Bf6 26. Bxf6 gxf6 27. Rce1 1/2-1/2

[Event "EIRCC 2019"]
[Site "Tallinn"]
[Date "2019.12.06"]
[Round "9.14"]
[White "Lintchevski, Daniil"]
[Black "Dordzhieva, Dinara"]
[Result "1/2-1/2"]
[ECO "A05"]
[WhiteElo "2515"]
[BlackElo "2310"]
[Annotator "ChessBase"]
[PlyCount "40"]
[EventDate "2019.12.05"]
[EventType "swiss"]
[EventCountry "EST"]
[SourceTitle "playchess.com"]
[Source "ChessBase"]
[SourceQuality "1"]
[TimeControl "900+10"]

1. Nf3 Nf6 2. c4 e6 3. Nc3 d5 4. d4 dxc4 5. e3 a6 6. a4 c5 7. Bxc4 Be7 8. O-O O-O 9. Qe2 Nc6 10. Rd1 cxd4 11. exd4 Nb4 12. Ne5 b6 13. Qf3 Rb8 14. Qg3 Bb7 15. Bh6 Ne8 16. Be3 Rc8 17. Bb3 Nf6 18. Bh6 Ne8 19. Be3 Nf6 20. Bh6 Ne8 1/2-1/2

[Event "EIRCC 2019"]
[Site "Tallinn"]
[Date "2019.12.06"]
[Round "9.15"]
[White "Shvyrjov, Igor"]
[Black "Lobanov, Sergei"]
[Result "1/2-1/2"]
[ECO "A46"]
[WhiteElo "2296"]
[BlackElo "2483"]
[Annotator "ChessBase"]
[PlyCount "117"]
[EventDate "2019.12.05"]
[EventType "swiss"]
[EventCountry "EST"]
[SourceTitle "playchess.com"]
[Source "ChessBase"]
[SourceQuality "1"]
[TimeControl "900+10"]

1. d4 Nf6 2. Nf3 d5 3. c3 c5 4. Bf4 e6 5. e3 Nc6 6. Nbd2 cxd4 7. exd4 Nh5 8. Bg3 Be7 9. Bd3 h6 10. Qe2 Bd7 11. O-O Nxg3 12. hxg3 Qc7 13. Rfe1 O-O-O 14. b4 Kb8 15. Nb3 h5 16. a4 g5 17. a5 g4 18. Nh4 Bd6 19. Nc5 Bc8 20. Bb5 Ne7 21. Ra2 Nf5 22. a6 b6 23. Nb7 Nxg3 24. Qd3 Ne4 25. Nxd8 Rxd8 26. c4 g3 27. Rxe4 dxe4 28. Qxe4 gxf2+ 29. Rxf2 f5 30. Qe3 Bg3 31. Nf3 Bxf2+ 32. Kxf2 Qd6 33. Ne5 Rg8 34. Nc6+ Kc7 35. c5 Qd5 36. Qf4+ e5 37. Qxe5+ Qxe5 38. Nxe5 Be6 39. Bc6 Rd8 40. Ke3 Bd5 41. b5 bxc5 42. dxc5 Bxc6 43. Nxc6 Rd5 44. Nd4 Re5+ 45. Kf3 Rxc5 46. Ne6+ Kb6 47. Nxc5 Kxc5 48. Kf4 Kxb5 49. Kxf5 Kxa6 50. Kg5 Kb5 51. Kxh5 a5 52. g4 a4 53. g5 a3 54. g6 a2 55. g7 a1=Q 56. g8=Q Qh1+ 57. Kg6 Qg2+ 58. Kf7 Qxg8+ 59. Kxg8 1/2-1/2

[Event "EIRCC 2019"]
[Site "Tallinn"]
[Date "2019.12.06"]
[Round "9.16"]
[White "Kanep, Meelis"]
[Black "Chukavin, Kirill"]
[Result "1-0"]
[ECO "E04"]
[WhiteElo "2466"]
[BlackElo "2290"]
[Annotator "ChessBase"]
[PlyCount "65"]
[EventDate "2019.12.05"]
[EventType "swiss"]
[EventCountry "EST"]
[SourceTitle "playchess.com"]
[Source "ChessBase"]
[SourceQuality "1"]
[TimeControl "900+10"]

1. d4 Nf6 2. c4 e6 3. Nf3 d5 4. g3 dxc4 5. Bg2 Bd7 6. Ne5 Bc6 7. Nxc6 Nxc6 8. O-O Qd7 9. Nc3 Nxd4 10. Bxb7 Rb8 11. Bg2 Nb5 12. Nxb5 Qxb5 13. Be3 Bc5 14. Bxc5 Qxc5 15. Qa4+ Ke7 16. Rac1 Rb4 17. Qa3 Rhb8 18. Rc2 a5 19. Rfc1 a4 20. e3 Nd5 21. Bf1 Nb6 22. Qc3 Kf8 23. h3 f6 24. Qe1 Qb5 25. a3 Rxb2 26. Bxc4 Nxc4 27. Rxc4 Rb1 28. Rxc7 Rxc1 29. Rxc1 Qb2 30. Qd1 Qxa3 31. Rc7 Re8 32. Qh5 g6 33. Qh6+ 1-0

[Event "EIRCC 2019"]
[Site "Tallinn"]
[Date "2019.12.06"]
[Round "9.17"]
[White "Rogule, Laura"]
[Black "Ladva, Ottomar"]
[Result "0-1"]
[ECO "E04"]
[WhiteElo "2292"]
[BlackElo "2446"]
[Annotator "RC"]
[PlyCount "178"]
[EventDate "2019.12.05"]
[EventType "swiss"]
[EventCountry "EST"]
[SourceTitle "playchess.com"]
[Source "ChessBase"]
[SourceQuality "1"]
[TimeControl "900+10"]

1. c4 e6 2. Nf3 d5 3. d4 Nf6 4. g3 dxc4 5. Bg2 c5 6. Qa4+ Bd7 7. Qxc4 Nc6 8. O-O b5 9. Qd3 c4 10. Qd1 Rc8 11. Bf4 Be7 12. Ne5 O-O 13. e4 Be8 14. d5 exd5 15. exd5 Nxe5 16. Bxe5 Bd6 17. Bd4 a6 18. Nc3 Bd7 19. Re1 Bf5 20. Qf3 Bg6 21. a3 Nd7 22. Bh3 Rc7 23. Bf5 Nc5 24. Bxc5 Bxc5 25. Ne4 Bd4 26. d6 Ra7 27. Re2 Qb6 28. Rd1 Rd8 29. Qf4 Bxf5 30. Qxf5 g6 31. Qd5 Bg7 32. Nc5 Bf8 33. Ne4 Bxd6 34. Nxd6 Rad7 35. Red2 Rxd6 36. Qxd6 Rxd6 37. Rxd6 Qa5 38. Rc1 Qa4 39. Kg2 Qb3 40. Rd2 a5 41. Rc3 Qa2 42. Rdc2 Kg7 43. g4 Qb1 44. Re2 Qd1 45. Rce3 b4 46. axb4 axb4 47. Kf3 Qd6 48. Kg2 Qd5+ 49. f3 h5 50. gxh5 Qg5+ 51. Kf1 Qxh5 52. Ke1 Qh4+ 53. Kd2 Qd4+ 54. Kc2 b3+ 55. Kc1 Qf4 56. Kd2 Qd4+ 57. Kc1 f5 58. Rc3 Kh6 59. Rg2 Kh5 60. Re2 g5 61. Rce3 Qa7 62. Kd2 Qa5+ 63. Rc3 f4 64. Ke1 Qa1+ 65. Kf2 Qh1 66. Rxc4 Qxh2+ 67. Ke1 Qg3+ 68. Rf2 Qg1+ 69. Ke2 Qb1 70. Rh2+ Kg6 71. Rc6+ Kf7 72. Rc7+ Kg6 73. Rc6+ Kf5 74. Rc5+ Kf6 75. Rh6+ Kg7 76. Rd6 Qxb2+ 77. Rd2 Qf6 78. Rdd5 Kg6 79. Rb5 b2 80. Rd2 Qe6+ 81. Kd1 Qc6 82. Rbxb2 Qxf3+ 83. Ke1 Qh1+ 84. Kf2 Kh5 85. Ke2 Kg4 86. Rb3 f3+ 87. Kf2 Qh2+ 88. Ke3 Qf4+ 89. Kd3 f2 {[%emt 0:00:10] Kd4} 0-1

[Event "EIRCC 2019"]
[Site "Tallinn"]
[Date "2019.12.06"]
[Round "9.18"]
[White "D`costa, Lorin"]
[Black "Chibukhchyan, Erik"]
[Result "1-0"]
[ECO "A45"]
[WhiteElo "2407"]
[BlackElo "2211"]
[Annotator "NA"]
[PlyCount "87"]
[EventDate "2019.12.05"]
[EventType "swiss"]
[EventCountry "EST"]
[SourceTitle "playchess.com"]
[Source "ChessBase"]
[SourceQuality "1"]
[TimeControl "900+10"]

1. d4 Nf6 2. Bf4 e6 3. e3 c5 4. Nf3 cxd4 5. exd4 b6 6. c3 Bb7 7. Nbd2 Be7 8. h3 O-O 9. Bd3 d6 10. Bh2 Nbd7 11. O-O a6 12. a4 h6 13. Re1 Re8 14. Qe2 Qc7 15. Nc4 Bf8 16. Ne3 g6 17. Nd2 e5 18. dxe5 Nxe5 19. Bc2 Rad8 20. Rad1 Bg7 21. Ndc4 Nh5 22. Bb3 Qc5 23. Rd2 b5 24. axb5 axb5 25. Na5 Ba8 26. Bd5 Qb6 27. b4 Bc6 28. Bxe5 Bxd5 29. Bxg7 Nxg7 30. Rxd5 Nf5 31. Qxb5 Qc7 32. Qd3 Re6 33. Nac4 Rde8 34. Rd1 Qa7 35. Rf1 Nh4 36. Qd4 Qe7 37. Nxd6 Ra8 38. c4 Ra3 39. c5 f5 40. Ndc4 Ra7 41. Rd8+ Kf7 42. Qh8 f4 43. Qh7+ Kf6 44. Nd5+ {[%emt 0:00:02] Ke5} 1-0

[Event "EIRCC 2019"]
[Site "Tallinn"]
[Date "2019.12.06"]
[Round "9.19"]
[White "Postny, Evgeny"]
[Black "Crevatin, Leo"]
[Result "1-0"]
[ECO "D30"]
[WhiteElo "2598"]
[BlackElo "2108"]
[Annotator "ChessBase"]
[PlyCount "105"]
[EventDate "2019.12.05"]
[EventType "swiss"]
[EventCountry "EST"]
[SourceTitle "playchess.com"]
[Source "ChessBase"]
[SourceQuality "1"]
[TimeControl "900+10"]

1. d4 d5 2. c4 e6 3. Nf3 a6 4. e3 Nf6 5. b3 c5 6. Bd3 Nc6 7. Bb2 cxd4 8. exd4 b6 9. O-O Bb7 10. Nbd2 Be7 11. Qe2 h6 12. Rad1 O-O 13. Rfe1 Re8 14. Bb1 a5 15. Ne5 Nxe5 16. dxe5 Nd7 17. cxd5 Bxd5 18. Nc4 Nf8 19. Ne3 Bb4 20. Rf1 Rc8 21. Nxd5 exd5 22. Qf3 Qe7 23. Rxd5 Ba3 24. Bd4 Bc5 25. Ba1 Rcd8 26. Rfd1 Rxd5 27. Rxd5 Rd8 28. g3 Rxd5 29. Qxd5 Qg5 30. Bb2 Ng6 31. Kf1 Qh5 32. h4 Qg4 33. Be4 Nf8 34. Bf3 Qh3+ 35. Ke2 Qc8 36. Qc4 Ne6 37. Bd5 Qd7 38. Bxe6 fxe6 39. Bc1 Qf7 40. Be3 Qh5+ 41. Kf1 Qxe5 42. Bxc5 bxc5 43. a4 Qd5 44. Kg1 Qxc4 45. bxc4 Kf7 46. Kg2 Kf6 47. Kf3 Ke5 48. Ke3 g5 49. hxg5 hxg5 50. g4 Kd6 51. f4 gxf4+ 52. Kxf4 Ke7 53. Ke4 1-0